 Dungeon Crawl Stone Soup version 0.23-a0-582-g1b4a0ca (webtiles) character file.

261 Leeroy the Charmwright (level 6, 0/50 HPs)
             Began as a Gnoll Skald on Dec 16, 2018.
             Was an Initiate of Vehumet.
             Slain by a gnoll
             ... wielding a +0 flail
              (10 damage)
             ... on level 4 of the Dungeon.
             The game lasted 00:09:50 (2364 turns).

Leeroy the Charmwright (Gnoll Skald)                Turns: 2364, Time: 00:09:51

Health: 0/50       AC:  5    Str: 14    XL:     6   Next: 18%
Magic:  13/13      EV: 13    Int: 16    God:    Vehumet [......]
Gold:   149        SH:  0    Dex: 15    Spells: 4/15 levels left

rFire    . . .     SeeInvis .   a - +0 falchion
rCold    . . .     Gourm    .   (no shield)
rNeg     . . .     Faith    .   j - +0 ring mail
rPois    .         Spirit   .   (no helmet)
rElec    .         Reflect  .   (no cloak)
rCorr    .         Harm     .   (no gloves)
MR       .....                  (no boots)
Stlth    +.........             (no amulet)
HPRegen  0.16/turn              (no ring)
MPRegen  0.13/turn              (no ring)

@: no status effects
A: distributed training, fangs 1, strong nose
a: Renounce Religion


You were on level 4 of the Dungeon.
You worshipped Vehumet.
Vehumet was noncommittal.
You were not hungry.

You visited 1 branch of the dungeon, and saw 4 of its levels.

You collected 149 gold pieces.

Inventory:

Hand Weapons
 a - a +0 falchion (weapon)
 m - a +0 dagger
 n - a +0 trident
 p - a +0 mace
 q - a +0 dagger
 t - a +0 trident
 w - a +0 short sword
Missiles
 f - 103 stones (quivered)
 h - 62 bolts
 o - 46 sling bullets
 r - 12 poisoned needles
 s - 7 javelins of penetration
Armour
 b - a +0 leather armour
 j - a +0 ring mail (worn)
 l - a +0 chain mail
 x - a +0 plate armour
Jewellery
 c - an uncursed ring of wizardry {unknown}
Scrolls
 e - a scroll of enchant weapon {unknown}
 g - a scroll of random uselessness {unknown}
 i - a scroll of noise {unknown}
 k - a scroll of amnesia {unknown}
 y - a scroll of immolation {unknown}
Potions
 v - a potion of berserk rage {unknown}
Comestibles
 d - 4 rations
 u - 4 chunks of flesh


   Skills:
 + Level 4.9 Fighting
 + Level 1.8 Short Blades
 + Level 4.9 Long Blades
 + Level 1.8 Axes
 + Level 1.8 Maces & Flails
 + Level 1.8 Polearms
 + Level 1.8 Staves
 + Level 1.8 Slings
 + Level 1.8 Bows
 + Level 1.8 Crossbows
 + Level 1.8 Throwing
 + Level 3.1 Armour
 + Level 4.9 Dodging
 + Level 1.8 Stealth
 + Level 1.8 Shields
 + Level 1.8 Unarmed Combat
 + Level 5.3 Spellcasting
 + Level 1.4 Conjurations
 + Level 1.4 Hexes
 + Level 5.6 Charms
 + Level 1.4 Summonings
 + Level 1.4 Necromancy
 + Level 1.4 Translocations
 + Level 1.4 Transmutations
 + Level 1.4 Fire Magic
 + Level 1.4 Ice Magic
 + Level 1.4 Air Magic
 + Level 1.4 Earth Magic
 + Level 1.4 Poison Magic
 + Level 2.0 Invocations
 + Level 1.8 Evocations


You had 4 spell levels left.
You knew the following spells:

 Your Spells              Type           Power        Failure   Level  Hunger
a - Infusion              Chrm           ###.         3%          1    None
b - Song of Slaying       Chrm           ###.....     4%          2    #......
c - Shroud of Golubria    Chrm/Tloc      ###.......   11%         2    #......
d - Regeneration          Chrm/Necr      ###.......   21%         3    ###....
e - Spectral Weapon       Hex/Chrm       ###.....     21%         3    ###....

Your spell library contained the following spells:

 Spells                   Type           Power        Failure   Level  Hunger


Dungeon Overview and Level Annotations

Branches:
Dungeon (4/15)
 Temple: D:4-7

Altars:
Kikubaaqudgha
Ru
Vehumet

Annotations:
D:3 Sigmund


Innate Abilities, Weirdness & Mutations

Your experience applies equally to all skills.
You have very sharp teeth.
Your uncanny sense of smell can sniff out nearby items.


Message History

The gnoll hits you.
You hit the gnoll.
You kill the gnoll!
Vehumet accepts your kill.
You barely miss the gnoll. The gnoll completely misses you.
You riposte.
You barely miss the gnoll. You barely miss the gnoll.
The gnoll barely misses you.
You hit the gnoll.
The gnoll is lightly wounded.
The gnoll hits you with a +0 flail!
You hit the gnoll.
The gnoll is heavily wounded.
You hit the gnoll but do no damage.
The gnoll is heavily wounded.
The gnoll hits you with a +0 flail!
* * * LOW HITPOINT WARNING * * *
You barely miss the gnoll.
The gnoll is heavily wounded.
The gnoll hits you with a +0 flail!
You die...

#### #.. ...#.. ..#%#
##.#.#########.#.#
#.#.#.......#.#.#
#.#.###.###.#.#.# #.#.#
#.# #.#.#.# #.#.# #.#
#.#.#g# #
#.#.###.###^#.#@##...#
#......................
#.#.###.###.#.#.##..###
#.#.....# #<#.#.# .#
##.############### 8#
.#......... ยง.
.#.######## .
........... ##.########


You could see a gnoll.

Vanquished Creatures
  A big kobold (D:3)
  Jessica (D:3)
  An orc wizard (D:2)
  A worker ant (D:4)
  2 gnolls (D:4)
  2 adders (D:2)
  4 oozes
  An adder skeleton (D:4)
  A worm (D:2)
  4 leopard geckos
  2 orcs (D:2)
  2 ball pythons
  2 giant cockroaches
  3 goblins
  4 hobgoblins
  3 jackals (D:2)
  2 quokkas
  16 bats
  2 frilled lizards
  5 kobolds
  3 rats
62 creatures vanquished.

Notes
Turn   | Place    | Note
-------+----------+-------------------------------------------
     0 | D:1      | Leeroy the Gnoll Skald began the quest for the Orb.
     0 | D:1      | Reached XP level 1. HP: 20/20 MP: 6/6
   178 | D:1      | Reached XP level 2. HP: 17/26 MP: 7/7
   184 | D:1      | Learned a level 2 spell: Song of Slaying
   187 | D:1      | Learned a level 2 spell: Shroud of Golubria
  1078 | D:2      | Reached XP level 3. HP: 22/31 MP: 3/9
  1099 | D:2      | Learned a level 3 spell: Regeneration
  1103 | D:2      | Learned a level 3 spell: Spectral Weapon
  1108 | D:2      | Reached skill level 5 in Spellcasting
  1186 | D:2      | Reached skill level 1 in Invocations
  1248 | D:2      | Found a sacrificial altar of Ru.
  1299 | D:2      | Found an ancient bone altar of Kikubaaqudgha.
  1346 | D:2      | Reached skill level 1 in Short Blades
  1346 | D:2      | Reached skill level 1 in Axes
  1346 | D:2      | Reached skill level 1 in Maces & Flails
  1346 | D:2      | Reached skill level 1 in Polearms
  1346 | D:2      | Reached skill level 1 in Staves
  1346 | D:2      | Reached skill level 1 in Slings
  1346 | D:2      | Reached skill level 1 in Bows
  1346 | D:2      | Reached skill level 1 in Crossbows
  1346 | D:2      | Reached skill level 1 in Throwing
  1346 | D:2      | Reached skill level 1 in Stealth
  1346 | D:2      | Reached skill level 1 in Shields
  1346 | D:2      | Reached skill level 1 in Unarmed Combat
  1346 | D:2      | Reached skill level 1 in Evocations
  1352 | D:2      | Found a radiant altar of Vehumet.
  1361 | D:2      | Reached XP level 4. HP: 29/38 MP: 11/11
  1410 | D:2      | Became a worshipper of Vehumet
  1618 | D:2      | Reached skill level 1 in Conjurations
  1618 | D:2      | Reached skill level 1 in Hexes
  1618 | D:2      | Reached skill level 1 in Summonings
  1618 | D:2      | Reached skill level 1 in Necromancy
  1618 | D:2      | Reached skill level 1 in Translocations
  1618 | D:2      | Reached skill level 1 in Transmutations
  1618 | D:2      | Reached skill level 1 in Fire Magic
  1618 | D:2      | Reached skill level 1 in Ice Magic
  1618 | D:2      | Reached skill level 1 in Air Magic
  1618 | D:2      | Reached skill level 1 in Earth Magic
  1618 | D:2      | Reached skill level 1 in Poison Magic
  1836 | D:3      | Noticed a big kobold
  1856 | D:3      | Killed a big kobold
  1856 | D:3      | Reached XP level 5. HP: 21/43 MP: 9/12
  1868 | D:3      | Noticed Sigmund
  2028 | D:3      | Noticed Jessica
  2041 | D:3      | Killed Jessica
  2151 | D:4      | Reached XP level 6. HP: 42/50 MP: 13/13
  2364 | D:4      | Slain by a gnoll

Vault maps used:
D:1:      shiori_shiawase
D:2:      minmay_evil_eye, old_standard_altar, lemuel_doored_altar,
          nicolae_ru_path_of_blood
D:3:      kennysheep_cluttered_room, uniq_jessica, uniq_sigmund, uniq_natasha
D:4:      bloody_trog, lemuel_temple_firewalk_a

Skill      XL: |  1  2  3  4  5  6 |
---------------+-------------------+-----
Spellcasting   | 5 |  5.3
Invocations    | 1 2 |  2.0
Short Blades   | 1 |  1.8
Axes           | 1 |  1.8
Maces & Flails | 1 |  1.8
Polearms       | 1 |  1.8
Staves         | 1 |  1.8
Slings         | 1 |  1.8
Bows           | 1 |  1.8
Crossbows      | 1 |  1.8
Throwing       | 1 |  1.8
Stealth        | 1 |  1.8
Shields        | 1 |  1.8
Unarmed Combat | 1 |  1.8
Evocations     | 1 |  1.8
Conjurations   | 1 |  1.4
Hexes          | 1 |  1.4
Summonings     | 1 |  1.4
Necromancy     | 1 |  1.4
Translocations | 1 |  1.4
Transmutations | 1 |  1.4
Fire Magic     | 1 |  1.4
Ice Magic      | 1 |  1.4
Air Magic      | 1 |  1.4
Earth Magic    | 1 |  1.4
Poison Magic   | 1 |  1.4
Armour         | 3 |  3.1
Fighting       | |  4.9
Long Blades    | |  4.9
Dodging        | |  4.9
Charms         | |  5.6

Action                   |  1- 3 |  4- 6 || total
-------------------------+-------+-------++-------
Melee: Falchion          |    83 |   101 ||   184
       Bite              |    10 |    13 ||    23
       Dagger            |     1 |       ||     1
 Cast: Infusion          |     1 |       ||     1
       Spectral Weapon   |       |     3 ||     3
       Regeneration      |       |     2 ||     2
       Shroud of Golubri |       |     2 ||     2
  Use: Potion            |       |     3 ||     3
 Stab: Sleeping          |     5 |     1 ||     6
       Distracted        |       |     1 ||     1
  Eat: Chunk             |     1 |     4 ||     5
Armor: Leather armour    |    25 |    35 ||    60
       Ring mail         |       |     4 ||     4
Dodge: Dodged            |    88 |   140 ||   228
       Rpst.: Falchion   |    34 |    34 ||    68

Table legend:
 A = Non-vault XP
 B = Vault XP
 C = Vault XP percentage of total XP
 D = Non-vault monster count
 E = Vault monster count
 F = Vault count percentage of total count
                 A         B        C        D         E       F
            +---------+---------+-------+---------+---------+-------
      Total |     333 |      41 |  11.0 |      58 |       4 |   6.5
            +---------+---------+-------+---------+---------+-------
        D:1 |      28 |       0 |   0.0 |      18 |       0 |   0.0
        D:2 |     114 |       4 |   3.4 |      27 |       3 |  10.0
        D:3 |      95 |      37 |  28.0 |       3 |       1 |  25.0
        D:4 |      96 |       0 |   0.0 |      10 |       0 |   0.0
            +---------+---------+-------+---------+---------+-------
